 Dungeon Crawl Stone Soup version 0.18-a0-455-gc7d4c65 (webtiles) character file.

136 Raultor the Changer (level 5, -6/44 HPs)
             Began as a Naga Transmuter on Dec 1, 2015.
             Killed from afar by an orc wizard (12 damage)
             ... with a puff of flame
             ... on level 4 of the Dungeon.
             The game lasted 00:08:25 (2780 turns).

Raultor the Changer (Naga Transmuter)               Turns: 2780, Time: 00:08:25

Health: -6/44      AC:  8    Str: 12    XL:     5   Next: 19%
Magic:  8/8        EV: 10    Int: 13    God:
Gold:   123        SH:  0    Dex: 13    Spells: 2 memorised, 5 levels left

rFire  . . .     SeeInvis +     k - +2 short sword (protect)
rCold  . . .     Clarity  .     b - +0 robe
rNeg   . . .     SustAt   .     (no shield)
rPois  +         Gourm    .     (no helmet)
rElec  .         Spirit   .     m - +0 cloak
rCorr  .         Dsmss    .     (no gloves)
rMut   .         Stasis   .     (no barding)
MR     .....                    (no amulet)
Stlth  +.........               (no ring)
                                (no ring)

@: short of breath, very slow, not resistant to hostile enchantments, very
unstealthy
A: see invisible, deformed body, poison resistance, slowness 2, slow metabolism
1, spit poison 2, AC +1
a: Spit Poison


You were on level 4 of the Dungeon.
You were hungry.

You visited 1 branch of the dungeon, and saw 4 of its levels.

You collected 123 gold pieces.

Inventory:

Hand Weapons
 k - a +2 short sword of protection (weapon)
Missiles
 a - 24 arrows
 j - a throwing net (quivered)
Armour
 b - a +0 robe (worn)
 m - a +0 cloak (worn)
Scrolls
 e - a scroll of fear {unknown}
 g - a scroll of magic mapping {unknown}
 h - 2 scrolls of identify {unknown}
 i - 2 scrolls of teleportation {unknown}
 o - a scroll of amnesia {unknown}
 q - a scroll of enchant armour {unknown}
Potions
 l - a potion of lignification {unknown}
 n - a potion of resistance
Books
 c - a book of Changes

   Spells                             Type                      Level
   a - Beastly Appendage              Transmutation                1
   b - Sticks to Snakes               Transmutation                2
   c - Spider Form                    Transmutation/Poison         3
   d - Ice Form                       Ice/Transmutation            4
   e - Blade Hands                    Transmutation                5
Comestibles
 d - 2 bread rations
 p - a chunk of flesh


   Skills:
 - Level 1.0 Fighting
 - Level 1.5 Dodging
 - Level 3.0 Unarmed Combat
 - Level 2.0 Spellcasting
 + Level 5.2 Transmutations


You had 5 spell levels left.
You knew the following spells:

 Your Spells              Type           Power        Failure   Level  Hunger
a - Beastly Appendage     Trmt           ##....       3%          1    ##.....
b - Sticks to Snakes      Trmt           ##......     6%          2    ###....


Dungeon Overview and Level Annotations

Branches:
Dungeon (4/15)
 Temple: D:4-7

Altars:
Elyvilon
Makhleb
Qazlal

Annotations:
D:3 Sigmund


Innate Abilities, Weirdness & Mutations

You cannot wear boots.
Your serpentine skin is tough (AC +1).
You have supernaturally acute eyesight.
Armour fits poorly on your strangely shaped body.
Your system is resistant to poisons.
You cover ground very slowly.
You have a slow metabolism.
You can spit poison.


Message History

The orc barely misses you. x2
You hit the orc wizard but do no damage.
The orc wizard is almost dead.
The orc wizard hits you but does no damage.
The orc hits you.
* * * LOW HITPOINT WARNING * * *
The orc hits you from afar with a trident.
* * * LOW HITPOINT WARNING * * *
Press: ? - help, Shift-Dir - straight line, f - orc
Aim: an orc, wielding a trident and wearing a leather armour The splash of poison misses the orc.
The splash of poison hits the orc.
The orc is poisoned.
The orc is lightly wounded.
You feel slightly more hungry. The orc wizard closely misses you.
The orc closely misses you. The orc barely misses you.
You closely miss the orc wizard.
The orc wizard is almost dead.
The orc wizard casts a spell at you. The puff of flame hits you!
You die...

#...... ..
#.....#
..####.....#
...........+
...........#
...........#
#...)...# ....
..##...@...# ...#
. ...)...oo..#
...##..
..######o###
.......
#.......##.......
#................
#)<..........#
#............#
#.......##...#
#.......##...#


You could see an orc wizard (invisible) and 2 orcs.

Vanquished Creatures
  An orc wizard (D:4)
  An adder (D:2)
  An ooze (D:2)
  An adder skeleton (D:4)
  2 worms (D:2)
  A giant gecko (D:1)
  An orc (D:4)
  A ball python (D:3)
  11 bats
  5 giant cockroaches
  10 goblins
  9 hobgoblins
  A quokka (D:2)
  5 giant newts
  13 jackals
  8 kobolds
  13 rats
84 creatures vanquished.

Notes
Turn   | Place    | Note
--------------------------------------------------------------
     0 | D:1      | Raultor the Naga Transmuter began the quest for the Orb.
     0 | D:1      | Reached XP level 1. HP: 18/18 MP: 3/3
   340 | D:1      | Reached XP level 2. HP: 19/25 MP: 3/5
   592 | D:1      | Learned a level 2 spell: Sticks to Snakes
   869 | D:1      | Reached XP level 3. HP: 22/31 MP: 6/6
  1906 | D:2      | Reached skill level 4 in Transmutations
  1978 | D:2      | Reached XP level 4. HP: 24/38 MP: 7/7
  2460 | D:2      | Found a white marble altar of Elyvilon.
  2480 | D:2      | Found a burning altar of Makhleb.
  2720 | D:3      | Found a stormy altar of Qazlal.
  2725 | D:3      | Noticed Sigmund
  2772 | D:4      | Reached skill level 5 in Transmutations
  2772 | D:4      | Reached XP level 5. HP: 15/44 MP: 8/8
  2780 | D:4      | Killed from afar by an orc wizard

Vault maps used:
D:1:      minmay_arrival_arboretum_small, minmay_fountain_box
D:2:      elyvilon_altar_4, lemuel_crystal_altar, first_bread
D:3:      lemuel_crystal_altar, uniq_sigmund
D:4:      nicolae_gozag_zags_fifth_avenue, kennysheep_decorative_pillar,
          trog_book, uniq_robin, uniq_blork_the_orc, uniq_eustachio

Action                   |  1- 3 |  4- 6 || total
-------------------------+-------+-------++-------
Melee: Unarmed           |   140 |       ||   140
       Short sword       |    33 |   148 ||   181
 Cast: Beastly Appendage |    16 |       ||    16
       Sticks to Snakes  |     2 |       ||     2
 Abil: Spit Poison       |     7 |     4 ||    11
  Use: Potion            |       |     1 ||     1
  Eat: Chunk             |     3 |     2 ||     5
